 Dungeon Crawl Stone Soup version 0.18.1-48-g4cf74bf (webtiles) character file.

284 sarahorange the Magician (level 6, 0/28 HPs)
             Began as a Spriggan Conjurer on July 14, 2016.
             Killed from afar by an orc wizard (8 damage)
             ... with a magic dart
             ... on level 3 of the Dungeon.
             The game lasted 00:25:06 (3485 turns).

sarahorange the Magician (Spriggan Conjurer)        Turns: 3485, Time: 00:25:07

Health: 0/28       AC:  2    Str:  5    XL:     6   Next: 7%
Magic:  10/14      EV: 19    Int: 18    God:
Gold:   161        SH:  0    Dex: 16    Spells: 4 memorised, 5 levels left

rFire  . . .     SeeInvis +     n - +0 dagger
rCold  . . .     Gourm    .     a - +0 robe
rNeg   . . .     Faith    .     (shield restricted)
rPois  .         Spirit   .     (helmet restricted)
rElec  .         Dismiss  .     (no cloak)
rCorr  .         Reflect  .     (gloves unavailable)
SustAt .         Harm     .     (boots unavailable)
MR     +....                    (no amulet)
Stlth  +++.......               (no ring)
                                (no ring)

@: very quick, somewhat resistant to hostile enchantments, fairly stealthy
A: unfitting armour, see invisible, herbivore 3, speed 3, slow metabolism 2
a: no special abilities


You were on level 3 of the Dungeon.
You were not hungry.

You visited 1 branch of the dungeon, and saw 3 of its levels.

You collected 161 gold pieces.

Inventory:

Hand Weapons
 n - a +0 dagger (weapon)
Missiles
 g - 17 stones (quivered)
Armour
 a - a +0 robe (worn)
Magical Staves
 m - an uncursed staff of summoning
Wands
 q - a wand of lightning (6/15)
 t - a wand of digging (0/24)
Scrolls
 d - a scroll of blinking {unknown}
 e - 2 scrolls of remove curse
 f - a scroll of enchant armour {unknown}
 o - a scroll of recharging {unknown}
 r - 2 scrolls of identify
 u - 2 scrolls of magic mapping {unknown}
Potions
 h - a potion of heal wounds {unknown}
 i - a potion of might {unknown}
 j - a potion of cancellation {unknown}
 k - a potion of agility {unknown}
 l - a potion of invisibility {unknown}
 p - a potion of cure mutation {unknown}
 s - a potion of brilliance {unknown}
Books
 b - a book of Conjurations

   Spells                             Type                      Level
   a - Magic Dart                     Conjuration                  1
   b - Searing Ray                    Conjuration                  2
   c - Dazzling Spray                 Conjuration/Hexes            3
   d - Fulminant Prism                Conjuration/Hexes            4
   e - Iskenderun's Mystic Blast      Conjuration                  4
   f - Iskenderun's Battlesphere      Conjuration/Charms           5
Comestibles
 c - 2 bread rations


   Skills:
 + Level 0.2 Short Blades
 + Level 0.2 Throwing
 + Level 3.8 Dodging
 * Level 4.3 Stealth
 * Level 5.1 Spellcasting
 * Level 4.2 Conjurations
 * Level 0.5 Hexes


You had 5 spell levels left.
You knew the following spells:

 Your Spells              Type           Power        Failure   Level  Hunger
a - Magic Dart            Conj           ###.         1%          1    None
b - Searing Ray           Conj           ###...       3%          2    #......
c - Dazzling Spray        Conj/Hex       ##....       17%         3    ##.....
d - Fulminant Prism       Conj/Hex       ##........   54%         4    ####...


Dungeon Overview and Level Annotations

Branches:
Dungeon (3/15)

Altars:


Innate Abilities, Weirdness & Mutations

You are tiny and cannot use many weapons and most armour.
You have supernaturally acute eyesight.
You are a herbivore.
You cover ground extremely quickly.
You need consume almost no food.


Message History

You're too confused to move!
The orc wizard closely misses you.
The orc wizard gestures wildly while chanting.
The orc wizard seems to speed up.
You bump into the rock wall.
The orc wizard hits you with a dagger. The orc wizard casts a spell at you.
The magic dart hits you!
You barely miss the orc wizard. The orc wizard closely misses you.
The orc wizard hits you with a dagger. The orc wizard completely misses you.
You closely miss the orc wizard.
The orc wizard hits you but does no damage.
The orc wizard hits you with a dagger.
You feel less confused.
The orc wizard gestures at you while chanting.
The puff of flame hits you!
* * * LOW HITPOINT WARNING * * *
The orc wizard casts a cantrip, but nothing happens.
The orc wizard points at you and mumbles some strange words.
The magic dart hits you!
You die...

#...# ##..# #..#
#o.####### #####
#)o....... ..#..
#..####### #.#.# #..#
#.#.# #..##### #<#.#
##..@...#####.#.#####
###...###.##...........
#..(..).#.#..........##
#.#.#.#.#.#..##.####.##
#.#.#...........# #.##
#.#.....[....#######.#.
#.#..##.#.##...........
#.#..##.#.##.#####.#.#.
#.......#.##.# #.#.#.


You could see 2 orc wizards.

Vanquished Creatures
  2 orc wizards (D:3)
  Natasha (thrice) (D:2)
  4 gnolls (D:3)
  6 adders
  An ooze (D:1)
  A dart slug (D:1)
  3 giant geckos
  4 orcs (D:3)
  6 bats
  A giant cockroach (D:1)
  7 goblins
  4 hobgoblins
  2 jackals (D:2)
  2 quokkas (D:2)
  A ball python (D:3)
  4 giant newts
  4 kobolds
  8 rats
63 creatures vanquished.

Notes
Turn   | Place    | Note
--------------------------------------------------------------
     0 | D:1      | sarahorange the Spriggan Conjurer began the quest for the Orb.
     0 | D:1      | Reached XP level 1. HP: 9/9 MP: 5/5
   292 | D:1      | Reached XP level 2. HP: 13/13 MP: 0/6
   296 | D:1      | Learned a level 2 spell: Searing Ray
  1220 | D:2      | Reached skill level 3 in Spellcasting
  1220 | D:2      | Reached XP level 3. HP: 16/16 MP: 1/8
  1745 | D:2      | Noticed Natasha
  1752 | D:2      | Reached XP level 4. HP: 21/21 MP: 5/10
  1757 | D:2      | Learned a level 3 spell: Dazzling Spray
  1807 | D:2      | Killed Natasha
  1999 | D:2      | Noticed Natasha
  2019 | D:2      | Killed Natasha
  2019 | D:2      | Reached skill level 4 in Spellcasting
  2105 | D:2      | Noticed Natasha
  2135 | D:2      | Killed Natasha
  2135 | D:2      | Reached XP level 5. HP: 13/24 MP: 8/12
  2403 | D:2      | Learned a level 4 spell: Fulminant Prism
  3397 | D:3      | Reached skill level 5 in Spellcasting
  3397 | D:3      | Reached XP level 6. HP: 27/28 MP: 8/14
  3485 | D:3      | Killed from afar by an orc wizard

Skill      XL: |  1  2  3  4  5 |
---------------+----------------+-----
Conjurations   | 3 4 |  4.2
Spellcasting   | 3 4 5 |  5.1
Stealth        | 4 |  4.3
Short Blades   | |  0.2
Throwing       | |  0.2
Dodging        | |  3.8
Hexes          | |  0.5

Action                   |  1- 3 |  4- 6 || total
-------------------------+-------+-------++-------
Melee: Dagger            |     5 |     4 ||     9
Throw: Stone             |     8 |    14 ||    22
 Cast: Magic Dart        |    56 |    49 ||   105
       Searing Ray       |     7 |    15 ||    22
       Dazzling Spray    |       |     4 ||     4
  Use: Scroll            |     1 |     2 ||     3
  Eat: Royal jelly       |       |     1 ||     1
Armor: Robe              |     3 |       ||     3
Dodge: Dodged            |    26 |    11 ||    37
